 Dungeon Crawl Stone Soup version 0.31-a0-303-gdc8c9485ea (webtiles) character file.

Game seed: 4029975075193017414

137 Zonian the Chiller (level 5, -4/35 HPs)
             Began as a Demonspawn Ice Elementalist on July 16, 2023.
             Slain by an orc
             ... wielding a +0 club
              (5 damage)
             ... on level 4 of the Dungeon.
             The game lasted 00:07:16 (4869 turns).

Zonian the Chiller (Demonspawn Ice Elementalist)    Turns: 4869, Time: 00:07:16

Health: -4/35      AC:  3    Str:  8    XL:     5   Next: 0%
Magic:  6/9        EV: 13    Int: 16    God:
Gold:   220        SH:  0    Dex: 16    Spells: 5/9 levels left

rFire   . . .        g - +1 dagger (drain)
rCold   . . .        (no shield)
rNeg    . . .        a - +1 robe
rPois   .            (no helmet)
rElec   .            (no cloak)
rCorr   .            (no gloves)
SInv    .            (no boots)
Will    .....        (no amulet)
Stlth   ++           (no ring)
HPRegen 0.25/turn    (no ring)
MPRegen 0.11/turn

%: no passive effects
@: no status effects
A: claws 1, foul stench 1
a: no special abilities


You were on level 4 of the Dungeon.
You visited 1 branch of the dungeon, and saw 4 of its levels.

You collected 220 gold pieces.

Inventory:

Hand Weapons
 c - a +0 dagger
 g - a +1 dagger of draining (weapon)
Armour
 a - a +1 robe (worn)
Jewellery
 f - a ring of flight
 i - a +6 ring of intelligence
Wands
 o - a wand of roots (7)
Scrolls
 j - 3 scrolls of teleportation
 k - a scroll of enchant armour
Potions
 b - a potion of magic
 e - a potion of might
 m - a potion of invisibility
 n - a potion of curing
 r - a potion of attraction {unknown}


   Skills:
 + Level 2.7 Dodging
 + Level 2.9 Stealth
 + Level 2.9 Spellcasting
 + Level 4.2 Ice Magic


You had 5 spell levels left.
You knew the following spells:

 Your Spells              Type           Power      Damage    Failure   Level
a - Freeze                Ice            64%        1d7       3%          1
b - Frozen Ramparts       Ice            32%        1d5       10%         3

Your spell library contained the following spells:

 Spells                   Type           Power      Damage    Failure   Level
 Ozocubu's Armour         Ice            16%        N/A       10%         3
 Summon Ice Beast         Ice/Summ       9%         N/A       61%         4


Dungeon Overview and Level Annotations

Branches:
Dungeon (4/15)
 Temple: D:4-7

Altars:
Kikubaaqudgha
Qazlal

Annotations:
D:3 1 runed translucent door, Crazy Yiuf
D:4 Blork the orc


Innate Abilities, Weirdness & Mutations

You have sharp fingernails.
You may rarely emit foul miasma when damaged in melee.


Message History

The orc attacks as you move away! The orc closely misses you.
The orc priest mumbles some strange prayers to Beogh against you.
Pain shoots through your body!
The orc priest hits you with a +0 dagger.
The orc hits you with a +0 club.
Casting: Freeze (safe; 3% risk of failure)
Confirm with . or Enter, or press ? or * to list all spells.
Aiming: Freeze (safe; 3% risk of failure)
Press: ? - help, Shift-Dir - straight line, f - orc
Aim: an orc, wielding a +0 club You freeze the orc.
The orc is almost dead.
The orc priest invokes the aid of Beogh against you.
Pain shoots through your body!
* * * LOW HITPOINT WARNING * * *
The orc hits you with a +0 club.
* * * LOW HITPOINT WARNING * * *
Casting: Freeze (safe; 3% risk of failure)
Confirm with . or Enter, or press ? or * to list all spells.
Aiming: Freeze (safe; 3% risk of failure)
Press: ? - help, Shift-Dir - straight line, f - orc priest, p - orc
Aim: an orc priest, wielding a +0 dagger and wearing a +0 scale mail You freeze the orc priest.
The orc priest is heavily wounded.
The orc priest invokes the aid of Beogh against you.
Pain shoots through your body!
* * * LOW HITPOINT WARNING * * *
The orc closely misses you.
Casting: Freeze (safe; 3% risk of failure)
Confirm with . or Enter, or press ? or * to list all spells.
Aiming: Freeze (safe; 3% risk of failure)
Press: ? - help, Shift-Dir - straight line, f/p - orc priest
Aim: an orc priest, wielding a +0 dagger and wearing a +0 scale mail (heavily wounded)
You freeze the orc priest.
The orc priest is heavily wounded.
The orc priest invokes the aid of Beogh against you.
Pain shoots through your body!
* * * LOW HITPOINT WARNING * * *
The orc hits you with a +0 club.
You die...

######## #......# ###.####.#
#§...°##.# ###....)##.#
#...._.....#
#.#...o.##.###########
...#§.@.☼#............. ###
###o###..#######....
.........######....
...................
....................
.........o..............[...<..
...................#.........##
..........#####..#.###.........
##........# #..# ....##.###.)


You could see an orc priest and an orc.

Vanquished Creatures
  Jessica (D:3)
  4 adders
  A worm (D:3)
  A dart slug (D:2)
  2 orcs (D:4)
  11 ball pythons
  5 bats
  6 endoplasms
  2 giant cockroaches
  7 goblins
  8 hobgoblins
  3 kobolds
  3 quokkas
  4 frilled lizards
  7 rats
65 creatures vanquished.

Vanquished Creatures (others)
  A worm (D:3)
1 creature vanquished.

Grand Total: 66 creatures vanquished

Notes
Turn   | Place    | Note
-------+----------+-------------------------------------------
     0 | D:1      | Zonian the Demonspawn Ice Elementalist began the quest for
                  | the Orb.
     0 | D:1      | Reached XP level 1. HP: 13/13 MP: 3/3
   348 | D:1      | Gained mutation: You may rarely emit foul miasma when
                  | damaged in melee. [demonic ancestry]
   348 | D:1      | Reached XP level 2. HP: 15/19 MP: 0/5
   609 | D:1      | Found a faded altar of an unknown god.
  1184 | D:2      | Gained mutation: You have sharp fingernails. [demonic
                  | ancestry]
  1184 | D:2      | Reached XP level 3. HP: 23/23 MP: 6/6
  2064 | D:2      | Reached skill level 4 in Ice Magic
  2672 | D:3      | Found a stormy altar of Qazlal.
  2694 | D:3      | Reached XP level 4. HP: 4/30 MP: 5/7
  3014 | D:3      | Noticed Jessica
  3316 | D:3      | Killed Jessica
  3374 | D:3      | Found a runed translucent door.
  3375 | D:3      | Noticed Crazy Yiuf
  3614 | D:4      | Noticed Blork the orc
  3773 | D:3      | Learned a level 3 spell: Frozen Ramparts
  4847 | D:4      | Found an ancient bone altar of Kikubaaqudgha.
  4865 | D:4      | Reached XP level 5. HP: 21/35 MP: 9/9
  4869 | D:4      | HP: 1/35 [orc priest/nerve-wracking pain (2)]
  4869 | D:4      | Slain by an orc

Illustrated notes

Levels and vault maps discovered:
D:1:      nicolae_arrival_memento_mori, layout_basic, basic_ecumenical_altar
D:2:      layout_basic, chequers_big_river, st_stairs_10
D:3:      layout_rooms, grunt_qazlal_clouds, zin_statuary, uniq_jessica,
          uniq_crazy_yiuf_cottage
D:4:      layout_basic, nicolae_kikubaaqudgha_miasma_corner,
          minmay_temple_entry_from_below_b, minmay_misc_feat_room,
          grunt_decor_junction, uniq_blork_the_orc, uniq_edmund

Skill      XL: |  1  2  3 |
---------------+----------+-----
Stealth        | 2 |  2.9
Dodging        | 2 |  2.7
Ice Magic      | 4 |  4.2
Spellcasting   | |  2.9

Action                     |  1- 3 |  4- 6 || total
---------------------------+-------+-------++-------
  Melee: Unarmed           |     9 |       ||     9
         Dagger            |    99 |    41 ||   140
         Punch             |     1 |       ||     1
   Cast: Freeze            |    26 |    11 ||    37
    Use: Scroll            |       |    10 ||    10
   Stab: Sleeping          |     7 |       ||     7
 Armour: Robe              |    27 |     9 ||    36
  Dodge: Dodged            |    83 |    35 ||   118

Table legend: (Time is in decaauts)
 A = Elapsed time spent in this place.
 B = Non-inter-level travel time spent in this place.
 C = Inter-level travel time spent in this place.
 D = Time resting spent in this place.
 E = Time spent auto-exploring this place.
 F = Levels seen in this place.
 G = Mean time per level.
                   A        B        C        D        E       F      G
               +--------+--------+--------+--------+--------+-----+--------+
         Total |   4883 |   4734 |    149 |   2047 |   1915 |   4 | 1220.8 |
       Dungeon |   4883 |   4734 |    149 |   2047 |   1915 |   4 | 1220.8 |
               +--------+--------+--------+--------+--------+-----+--------+

Top non-repeatable levels by time:
     D:3: 1758 daAuts
     D:2: 1552 daAuts
     D:1: 1128 daAuts
     D:4: 445 daAuts
